 Dungeon Crawl Stone Soup version 0.30.1-3-gfc49f6343a (webtiles) character file.

Game seed: 385330126561887740

165 Peloso the Trooper (level 5, -7/47 HPs)
             Began as a Minotaur Fighter on July 19, 2023.
             Mangled by a gnoll
             ... wielding a +0 halberd
              (14 damage)
             ... on level 3 of the Dungeon.
             The game lasted 00:03:44 (1420 turns).

Peloso the Trooper (Minotaur Fighter)               Turns: 1420, Time: 00:03:45

Health: -7/47      AC:  7    Str: 21    XL:     5   Next: 21%
Magic:  4/4        EV:  9    Int:  5    God:
Gold:   97         SH:  4    Dex: 11    Spells: 4/4 levels left

rFire   . . .        a - +0 long sword
rCold   . . .        c - +0 buckler
rNeg    . . .        b - +0 scale mail
rPois   .            (helmet restricted)
rElec   .            (no cloak)
rCorr   .            (no gloves)
SInv    .            (no boots)
Will    .....        (no amulet) Stlth
                     (no ring)
HPRegen 0.27/turn    (no ring)
MPRegen 0.09/turn

%: no passive effects
@: no status effects
A: horns 2, retaliatory headbutt
a: no special abilities


You were on level 3 of the Dungeon.
You visited 1 branch of the dungeon, and saw 4 of its levels.

You collected 153 gold pieces.
You spent 56 gold pieces at shops.

Inventory:

Hand Weapons
 a - a +0 long sword (weapon)
Armour
 b - a +0 scale mail (worn)
 c - a +0 buckler (worn)
Jewellery
 i - an amulet of guardian spirit
Wands
 g - a wand of flame (3)
Scrolls
 h - a scroll of enchant weapon {unknown}
Potions
 d - a potion of might
 e - a potion of invisibility
 f - 3 potions of brilliance {unknown}
 m - a potion of heal wounds
 n - a potion of mutation


   Skills:
 + Level 4.7 Fighting
 + Level 4.2 Long Blades
 + Level 4.4 Armour
 + Level 1.3 Dodging
 + Level 4.3 Shields


You had 4 spell levels left.
You didn't know any spells.
Your spell library contained the following spells:

 Spells                   Type           Power      Damage    Failure   Level
 Summon Small Mammal      Summ           0%         N/A       86%         1
 Call Canine Familiar     Summ           0%         N/A       99%         3
 Summon Guardian Golem    Hex/Summ       0%         N/A       99%         3


Dungeon Overview and Level Annotations

Branches:
Dungeon (4/15)
 Temple: D:4-7

Altars:

Shops:
D:1 *


Innate Abilities, Weirdness & Mutations

You have a pair of horns on your head.
You reflexively headbutt those who attack you in melee.


Message History

You hit the gnoll.
You kill the gnoll!
The gnoll hits you but does no damage.
A gnoll comes into view. It is wielding a +0 halberd.
The gnoll shouts!
The gnoll barely misses you. You furiously retaliate!
You headbutt the gnoll.
You see here a +0 spear.
You completely miss the gnoll.
The gnoll is lightly wounded.
The gnoll hits you with a +1 vampiric halberd.
The gnoll draws strength from your wounds!
You barely miss the gnoll. You headbutt the gnoll.
The gnoll is heavily wounded.
You block the gnoll's attack.
The gnoll hits you from afar with a +0 halberd!
You closely miss the gnoll. Your headbutt misses the gnoll.
The gnoll is heavily wounded.
The gnoll barely misses you. The gnoll misses you. x2
The gnoll barely misses you. You furiously retaliate!
You headbutt the gnoll!
You kill the gnoll!
You block the gnoll's attack.
You see here a +1 vampiric halberd.
The gnoll barely misses you.
Things that are here:
a +0 flail; a gnoll corpse You barely miss the gnoll.
Your headbutt misses the gnoll.
You hear the slow rusting of a very distant drain.
The gnoll hits you with a +0 halberd.
You hit the gnoll.
The gnoll is lightly wounded.
The gnoll hits you with a +0 halberd.
* * * LOW HITPOINT WARNING * * *
You closely miss the gnoll. Your headbutt misses the gnoll.
The gnoll is lightly wounded.
The gnoll hits you with a +0 halberd.
* * * LOW HITPOINT WARNING * * *
You hit the gnoll but do no damage.
The gnoll is lightly wounded.
The gnoll hits you with a +0 halberd!
You die...

.........#
.######.###.##
............#
.######.#####
#.#.# #.#..
#.#.# #.#g#
.#.####.#@#
........))#
.######.###
#.. ####


You could see a gnoll.

Vanquished Creatures
  A hound (D:2)
  Jessica (D:3)
  3 gnolls (D:3)
  3 adders (D:2)
  A dart slug (D:1)
  An orc (D:3)
  4 ball pythons
  4 endoplasms
  2 giant cockroaches (D:2)
  5 hobgoblins
  4 kobolds
  2 quokkas (D:2)
  9 bats
  3 frilled lizards
  3 goblins
  3 rats
49 creatures vanquished.

Notes
Turn   | Place    | Note
-------+----------+-------------------------------------------
     0 | D:1      | Peloso the Minotaur Fighter began the quest for the Orb.
     0 | D:1      | Reached XP level 1. HP: 19/19 MP: 0/0
   114 | D:1      | Found a faded altar of an unknown god.
   118 | D:1      | Noticed an eye of devastation
   128 | D:1      | Noticed a floating eye
   128 | D:1      | Noticed an eye of devastation
   128 | D:1      | Noticed a floating eye
   249 | D:1      | Reached XP level 2. HP: 27/27 MP: 1/1
   507 | D:1      | Found Bapaz's Assorted Antiques.
   559 | D:1      | Bought a scroll labelled ZUSODUJ PUALIB for 28 gold pieces
   559 | D:1      | Bought a scroll labelled UHYSUKI MESOH for 28 gold pieces
   824 | D:2      | Reached XP level 3. HP: 33/34 MP: 2/2
   991 | D:2      | Reached skill level 1 in Dodging
  1120 | D:2      | Reached XP level 4. HP: 34/41 MP: 3/3
  1212 | D:2      | You fall into a shaft and drop 2 floors!
  1241 | D:3      | Noticed Jessica
  1260 | D:3      | Killed Jessica
  1403 | D:3      | Reached XP level 5. HP: 46/47 MP: 4/4
  1420 | D:3      | Mangled by a gnoll

Illustrated notes

Levels and vault maps discovered:
D:1:      matt_arrival_los_fun, layout_basic,
          hellmonk_ecumenical_altar_watching_god, serial_shops,
          nicolae_shop_pleasant_corner_grove, item_on_display_a
D:2:      layout_loops_ring
D:3:      layout_basic, gup_sewer_entry_spiral, uniq_robin, uniq_jessica
D:4:      layout_cave_pools, guppyfry_early_lair_pool

Skill      XL: |  1  2  3  4 |
---------------+-------------+-----
Fighting       | 4 |  4.7
Shields        | 4 |  4.3
Armour         | 4 |  4.4
Long Blades    | 3 4 |  4.2
Dodging        | 1 |  1.3

Action                     |  1- 3 |  4- 6 || total
---------------------------+-------+-------++-------
  Melee: Long sword        |    79 |    36 ||   115
         Headbutt          |     9 |     9 ||    18
    Use: Potion            |     5 |       ||     5
         Scroll            |     3 |     1 ||     4
 Armour: Scale mail        |    44 |    14 ||    58
  Dodge: Dodged            |    48 |    32 ||    80
  Block: Buckler           |    22 |    11 ||    33
